cohdb
Replays
Latest Replays
All Replays
Popular Replays
Top Player Replays
Match Explorer
How It Works
Community
CoH3 Stats
Reddit
Sign in to upload your games and track your stats! →
Sign in with Steam
Match 41089361
Unlisted
Match 41089361
Overview
Messages
Build Orders
End
Construct Section Command Post
Vickers Machine Gun Team
ML 3-inch Mortar Team
Infantry Section
Infantry Section
Grenade Package
Selects Indian Artillery Battlegroup
Construct Platoon Command Post
Humber Armored Car
Unlock Bishop Self-propelled Artillery
Selects Artillery Saturation
Selects Off-map Airburst Barrage
Off-map Airburst Barrage
Bishop Self-propelled Artillery
6-pounder Anti-tank Gun Team
Bishop Self-propelled Artillery
6-pounder Anti-tank Gun Team
Construct Company Command Post
Selects BL5.5 Artillery Emplacement
Off-map Airburst Barrage
digitalvadim
nurgling
疾如风
Sindri Myr
MuniekPL
|-J5D-| MAREK POLSKA
Papa Shango
Husar
0
0
Comments
sign in to comment!
No comments posted yet!